 Dungeon Crawl Stone Soup version 0.31.0 (webtiles) character file.

Game seed: 13081908352806154007

103472 groovy9 the Severer (level 16, -8/108 HPs)
             Began as a Gargoyle Berserker on Jan 20, 2024.
             Was a High Priest of Trog.
             Shot with an arrow by Vashnia (33 damage)
             ... on level 2 of the Snake Pit.
             The game lasted 01:37:22 (26224 turns).

groovy9 the Severer (Gargoyle Berserker)           Turns: 26224, Time: 01:37:22

Health: -8/108     AC: 38    Str: 32    XL:     16   Next: 36%
Magic:  16/16      EV:  9    Int:  5    God:    Trog [*****.]
Gold:   2314       SH: 24    Dex: 21    Spells: 15/15 levels left

rFire   . . .        R - +11 war axe "Imuledou" {venom, rCorr Str+4}
rCold   + . .        p - +5 Storm Queen's Shield {shock, Fly rElec}
rNeg    + + .        w - +0 plate armour {Will+}
rPois   ∞            u - +2 hat
rElec   +            j - +2 cloak
rCorr   +            (no gloves)
SInv    +            G - +2 pair of boots {rampage}
Will    +++..        J - amulet of reflection Stlth
                     B - ring "Latsat Tots" {rC+ rN+ Dex+3}
HPRegen 0.38/turn    t - ring "Zaogabba" {Will+ Int-4 Dex+9 SInv}
MPRegen 0.15/turn

%: reflection, rampage
@: flying
A: sickness immunity, AC +12, big wings, negative energy resistance 1,
electricity resistance, torment resistance 1, petrification resistance
a: Renounce Religion, Berserk, Trog's Hand, Brothers in Arms


You were on level 2 of the Snake Pit.
You worshipped Trog.
Trog was extremely pleased with you.
You visited 5 branches of the dungeon, and saw 24 of its levels.
You also visited: Sewer, Bailey, Gauntlet and Ice Cave.

You collected 2349 gold pieces.
You spent 35 gold pieces at shops.

Inventory:

Hand Weapons
 i - a +0 war axe of chaos
 m - a +2 flail of protection
 R - the +11 war axe "Imuledou" (weapon) {venom, rCorr Str+4}
   (You found it on level 5 of the Lair of Beasts)

   Str+4:     It affects your strength (+4).
   rCorr:     It protects you from acid and corrosion.
 S - a +0 broad axe of venom
Missiles
 D - 5 throwing nets (quivered)
Armour
 j - a +2 cloak (worn)
 p - the +5 Storm Queen's Shield (worn) {shock, Fly rElec}
   (You found it on level 13 of the Dungeon)

   Shock:     When it blocks an attack, it may electrocute the attacker.
   This works even against foes who are a short distance away.
   rElec:     It insulates you from electricity.
   Fly:       It grants you flight.
 u - a +2 hat (worn)
 w - a +0 plate armour of willpower (worn)
 G - a +2 pair of boots of rampaging (worn)
 N - a +0 cloak of willpower
Jewellery
 c - a +4 ring of protection
 r - a ring of resist corrosion
 t - the ring "Zaogabba" (right hand) {Will+ Int-4 Dex+9 SInv}
   (You found it on level 13 of the Dungeon)

   [ring of willpower]

   Int-4:     It affects your intelligence (-4).
   Dex+9:     It affects your dexterity (+9).
   Will+:     It increases your willpower.
   SInv:      It lets you see invisible.
 y - a ring of protection from fire
 z - an amulet of regeneration
 B - the ring "Latsat Tots" (left hand) {rC+ rN+ Dex+3}
   (You found it on level 13 of the Dungeon)

   [ring of positive energy]

   Dex+3:     It affects your dexterity (+3).
   rC+:       It protects you from cold.
   rN+:       It protects you from negative energy.
 J - an amulet of reflection (around neck)
Wands
 h - a wand of flame (36)
 l - a wand of charming (19)
 A - a wand of acid (4)
 E - a wand of mindburst (5)
 K - a wand of roots (10)
Scrolls
 a - 8 scrolls of teleportation
 d - 3 scrolls of revelation
 f - a scroll of fog
 g - 3 scrolls of immolation
 o - 6 scrolls of noise
 s - a scroll of blinking
 v - a scroll of enchant weapon
 x - 2 scrolls of poison
 I - 2 scrolls of enchant armour
 M - a scroll of vulnerability
Potions
 b - 3 potions of attraction
 e - 4 potions of mutation
 k - a potion of berserk rage
 n - 4 potions of ambrosia
 q - 4 potions of enlightenment
 C - a potion of resistance
 F - 5 potions of curing
 H - a potion of haste
 P - a potion of cancellation
 Q - 3 potions of invisibility


   Skills:
 + Level 15.2 Fighting
 + Level 16.7 Axes
 + Level 15.1 Armour
 - Level 1.5 Dodging
 * Level 13.4 Shields


You had 15 spell levels left.
You didn't know any spells.
Your spell library was empty.

Dungeon Overview and Level Annotations

Branches:
Dungeon (14/15)            Temple (1/1) D:7            Lair (5/5) D:10
  Swamp (0/4) Lair:2        Snake (2/4) Lair:2        Slime (0/5) Lair:4
    Orc (2/2) D:10            Elf (0/3) Orc:2        Vaults (0/5) D:13
  Sewer (visited)          Bailey (visited)           IceCv (visited)
Gauntlet (visited)

Altars:
Ashenzari
Cheibriados
Dithmenos
Elyvilon
Fedhas
Gozag
Hepliaklqana
Kikubaaqudgha
Makhleb
Nemelex Xobeh
Okawaru
Qazlal
Ru
Sif Muna
Trog
Uskayaw
Vehumet
Wu Jian
Xom
Yredelemnul
Zin
The Shining One
Jiyva

Shops:
D:2 (   D:5 (:[   Orc:2 *!(((

Annotations:
D:13 3 runed translucent doors
Snake:2 Vashnia


Innate Abilities, Weirdness & Mutations

You are immune to sickness and miasma.
Your stone body is resilient. (AC +12)
You are immune to poison.
Your large and strong wings let you fly.
You resist negative energy. (rN+)
You are resistant to electric shocks. (rElec)
You are resistant to unholy torment.
You are immune to petrification.


Message History

You block the splash of poison... and reflect it back!
The splash of poison hits the naga.
The naga sharpshooter gestures wildly while chanting.
The naga sharpshooter magically shoots a bolt.
You block the bolt with an invisible shield... and reflect it back!
Vashnia says to her squad, "Do not let the Gargoyle escape!"
Vashnia shoots an arrow.
The arrow hits you!
The naga sharpshooter shoots a bolt.
The bolt hits you but does no damage.
A naga ritualist comes into view. It is wielding a +3 glaive of venom.
The naga sharpshooter unwields a +0 dire flail.
The naga sharpshooter wields a +0 shortbow.
The naga sharpshooter shoots an arrow.
The arrow hits you but does no damage.
You are too injured to fight recklessly!
You escape the naga mage's grasp.
You block the naga mage's attack. You block the naga's attack.
Your shield discharges, shocking the naga!
You block the naga's attack.
The naga sharpshooter shoots a bolt.
The bolt hits you!!
The naga sharpshooter casts a spell.
The naga sharpshooter magically shoots a bolt.
The bolt hits you!! Vashnia spits poison at you.
The splash of poison hits you but does no damage.
You resist.
The naga sharpshooter shoots an arrow.
The arrow hits you!
* * * LOW HITPOINT WARNING * * *
There is a stone staircase leading up here.
You block the naga mage's attack.
Your shield discharges, shocking the naga mage!
You block the naga's attack. x2
The naga sharpshooter gestures wildly while chanting.
The naga sharpshooter magically shoots a bolt.
The bolt hits you.
* * * LOW HITPOINT WARNING * * *
The naga mage points at you and mumbles some strange words.
The bolt of poison hits you but does no damage.
You resist.
Vashnia mutters, "Right between the eyes..."
Vashnia shoots an arrow.
The arrow hits you!!
You die...
Vashnia says, "Headshot."

N... S....
..... #....#
#....#
##..S..##
......N.##
....).N).###...
......S@.......
...............
#..............
#..............
#..............
#..............
#.......NNNN...
#..............


You could see Vashnia (catching breath), 3 naga sharpshooters, an anaconda, a
mana viper (wandering), a black mamba, a naga mage (fast, poisoned) and a naga.

Vanquished Creatures
  A storm dragon (D:13)
  Kirke (D:12)
  Aizul (Snake:1)
  An eleionoma (Lair:2)
  Azrael (Orc:1)
  The ghost of Pechyafi the Cleaver, a journeyman DDEE of Makhleb (Lair:2)
  A minotaur (Gauntlet)
  A spark wasp (D:13)
  Josephine (Lair:5)
  The ghost of Esekla the Covert, a journeyman OpDe of Gozag (Orc:2)
  A catoblepas (Lair:5)
  5 hydras
  2 centaur warriors (D:14)
  5 vault guards (D:13)
  3 anacondas (Snake:1)
  A naga warrior (Snake:1)
  Erica (D:8)
  A merfolk avatar (Lair:5)
  8 two-headed ogres
  2 death knights (D:14)
  5 death yaks
  4 boulder beetles
  5 shock serpents
  An orc high priest (Orc:1)
  2 naga sharpshooters (Snake:1)
  3 skysharks
  2 sea snakes (Lair:5)
  A sixfirhy (D:13)
  An arcanist (D:14)
  4 mana vipers (Snake:1)
  2 naga ritualists (Snake:1)
  A phantasmal warrior (D:14)
  2 deep elf pyromancers
  2 deep elf zephyrmancers (D:13)
  5 orc knights (Orc:1)
  4 harpies (Lair:5)
  3 ugly things
  3 cyclopes
  3 manticores
  2 orc sorcerers (Orc:1)
  5 salamanders
  4 meliai
  A moth of wrath (Lair:2)
  A guardian serpent (Snake:1)
  A meliai (shapeshifter) (D:14)
  4 kobold blastminers
  9 elephants (Lair:5)
  A torpor snail (Lair:2)
  4 naga magi
  14 cane toads
  10 black mambas
  3 unseen horrors
  4 rime drakes
  A minotaur zombie (Gauntlet)
  3 freezing wraiths (D:14)
  2 efreet (D:14)
  7 trolls
  7 komodo dragons
  2 polar bears (Lair:5)
  A wind drake (Lair:5)
  2 hornets
  Prince Ribbit (D:7)
  4 dream sheep (Lair:2)
  7 blink frogs
  An air elemental (D:13)
  6 shadows (Gauntlet)
  8 wraiths
  4 centaur simulacra
  A spriggan (D:10)
  5 wyverns
  3 hogs (D:12)
  26 yaks
  2 basilisks
  6 humans (D:13)
  3 fire elementals (Orc:1)
  A neqoxec (Gauntlet)
  A golden eye (shapeshifter) (D:14)
  2 wargs
  7 redbacks (D:7)
  2 chaos spawn (Gauntlet)
  A death yak simulacrum (IceCv)
  2 steam dragons (Lair:5)
  Edmund (D:5)
  6 vampire mosquitoes
  5 nagas
  An acid dragon (D:14)
  21 water moccasins
  A meliai simulacrum (Gauntlet)
  4 hell hounds
  2 ice beasts
  A swamp drake (D:10)
  A sky beast (D:7)
  A black bear (D:5)
  30 orc warriors
  13 wolves
  4 ogres
  7 centaurs
  A phantom (D:8)
  A brain worm (Sewer)
  A gnoll sergeant (D:13)
  7 bullfrogs
  5 scorpions
  7 wights
  19 killer bees
  A lava snake (D:8)
  A wyvern simulacrum (Gauntlet)
  25 orc priests
  2 jellies
  2 hounds
  A gnoll bouda (D:5)
  3 iguanas
  23 orc wizards
  3 hell rats (Lair:3)
  A polar bear simulacrum (IceCv)
  14 gnolls
  16 adders
  3 river rats (Sewer)
  2 shadow imps
  13 white imps
  2 ribbon worms (Sewer)
  3 dart slugs
  87 orcs
  10 ball pythons
  20 bats
  6 endoplasms
  A giant cockroach (D:2)
  11 goblins
  5 hobgoblins
  5 jackals
  6 kobolds
  7 quokkas
  8 frilled lizards
  5 rats
698 creatures vanquished.

Vanquished Creatures (others)
  A vault guard (D:13)
  An unseen horror (D:7)
  A yak (D:10)
  An orc warrior (Orc:1)
  An orc priest (Orc:2)
  2 orc wizards
  A hell rat (Lair:3)
  2 orcs
10 creatures vanquished.

Grand Total: 708 creatures vanquished

Notes
Turn   | Place    | Note
-------+----------+-------------------------------------------
     0 | D:1      | groovy9 the Gargoyle Berserker began the quest for the Orb.
     0 | D:1      | Reached XP level 1. HP: 14/14 MP: 1/1
   183 | D:1      | Reached XP level 2. HP: 10/19 MP: 2/2
   254 | D:1      | Reached skill level 3 in Axes
   392 | D:1      | Found a faded altar of an unknown god.
   893 | D:2      | Reached XP level 3. HP: 23/23 MP: 3/3
   912 | D:2      | Reached XP level 4. HP: 14/29 MP: 4/4
  1491 | D:2      | Found Ujurph's Weapon Emporium.
  1582 | D:2      | Reached ** piety under Trog
  1621 | D:2      | Bought a +0 war axe for 35 gold pieces
  1906 | D:3      | Reached skill level 4 in Axes
  1906 | D:3      | Reached XP level 5. HP: 33/33 MP: 5/5
  2007 | D:3      | Found a shimmering altar of Xom.
  2008 | D:3      | Found a hazy altar of Hepliaklqana.
  2009 | D:3      | Noticed a spectral ugly thing
  2166 | D:3      | Found a glowing golden altar of the Shining One.
  2395 | D:3      | Found a white marble altar of Elyvilon.
  2929 | D:4      | Reached XP level 6. HP: 39/39 MP: 6/6
  3278 | D:4      | Reached skill level 5 in Axes
  3585 | D:5      | Entered Level 5 of the Dungeon
  3599 | D:5      | Reached skill level 5 in Fighting
  3599 | D:5      | Reached XP level 7. HP: 44/44 MP: 7/7
  3660 | D:5      | Found a glowing drain.
  3684 | Sewer    | Entered a sewer
  4166 | Sewer    | Reached *** piety under Trog
  4559 | D:5      | Reached skill level 6 in Axes
  4627 | D:5      | Reached skill level 5 in Armour
  4662 | D:5      | Found Calutoitt's Antique Armour Emporium.
  4731 | D:5      | Reached XP level 8. HP: 42/51 MP: 8/8
  4868 | D:5      | Noticed Edmund
  4890 | D:5      | Killed Edmund
  5292 | D:5      | Found Vyum's Weapon Shop.
  5300 | D:5      | Found Beraehuk's Book Shoppe.
  5317 | D:5      | Reached skill level 7 in Axes
  5746 | D:6      | Found an iron altar of Okawaru.
  6189 | D:7      | Noticed Prince Ribbit
  6195 | D:7      | Killed Prince Ribbit
  6196 | D:7      | Reached XP level 9. HP: 56/56 MP: 9/9
  6257 | D:7      | Reached skill level 8 in Axes
  6367 | D:7      | Found a runed translucent door.
  6410 | D:7      | Found the +9 staff of Olgreb {rPois∞}
  6433 | D:7      | Found a runed translucent gate.
  6438 | D:7      | Found a runed translucent gate.
  6445 | D:7      | Found a runed translucent gate.
  6453 | D:7      | Found a runed translucent door.
  6455 | D:7      | Noticed a two-headed ogre
  6465 | D:7      | Killed a two-headed ogre
  6544 | D:7      | Noticed an unseen horror
  6553 | D:7      | Killed an unseen horror
  6554 | D:7      | Reached skill level 9 in Axes
  6670 | D:7      | Found a staircase to the Ecumenical Temple.
  6675 | Temple   | Entered the Ecumenical Temple
  6929 | D:7      | Reached XP level 10. HP: 64/64 MP: 10/10
  7144 | D:7      | Reached skill level 10 in Axes
  7493 | D:8      | Found a flagged portal.
  7507 | Bailey   | Entered a bailey
  7552 | D:8      | Noticed Erica
  7633 | D:8      | Killed Erica
  7634 | D:8      | Reached skill level 11 in Axes
  7634 | D:8      | Reached XP level 11. HP: 59/71 MP: 11/11
  7861 | D:8      | Found a hide-covered altar of Uskayaw.
  8620 | D:9      | Found a sacrificial altar of Ru.
  8642 | D:9      | Noticed a cyclops
  8653 | D:9      | Killed a cyclops
  8654 | D:9      | Reached skill level 10 in Fighting
  8983 | D:10     | Entered Level 10 of the Dungeon
  9203 | D:10     | Reached skill level 10 in Armour
  9283 | D:10     | Found a burning altar of Makhleb.
  9304 | D:10     | Found a staircase to the Orcish Mines.
  9363 | D:10     | Reached skill level 12 in Axes
  9514 | D:10     | Found a staircase to the Lair.
  9803 | Lair:1   | Entered Level 1 of the Lair of Beasts
  9841 | Lair:1   | Found a transporter.
  9842 | Lair:1   | Noticed a boulder beetle
  9843 | Lair:1   | Found a transporter.
  9843 | Lair:1   | Noticed a boulder beetle
 10089 | Lair:1   | Reached skill level 1 in Shields
 10425 | Lair:1   | Noticed a death yak
 10466 | Lair:1   | Killed a death yak
 10467 | Lair:1   | Reached XP level 12. HP: 79/79 MP: 12/12
 10496 | Lair:1   | Noticed a death yak
 10517 | Lair:1   | Noticed a death yak
 10520 | Lair:1   | Noticed a death yak
 10523 | Lair:1   | Killed a death yak
 10539 | Lair:2   | Killed a death yak
 10557 | Lair:1   | Killed a death yak
 10875 | Lair:2   | Found a staircase to the Snake Pit.
 10903 | Lair:2   | Reached skill level 13 in Axes
 11210 | Lair:2   | Noticed an eleionoma
 11230 | Lair:2   | Killed an eleionoma
 11272 | Lair:2   | Found a staircase to the Swamp.
 11347 | Lair:2   | Found a transporter.
 11357 | Lair:2   | Found a transporter.
 11378 | Lair:2   | Noticed a skyshark
 11515 | Lair:2   | Noticed a death yak
 11823 | Orc:1    | Entered Level 1 of the Orcish Mines
 11831 | Orc:1    | Noticed an orc warlord
 12044 | Orc:1    | Found a burning altar of Makhleb.
 12250 | Orc:1    | Reached skill level 5 in Shields
 12264 | Orc:1    | Noticed a sun demon
 12492 | D:11     | Reached XP level 13. HP: 82/85 MP: 13/13
 12974 | Lair:1   | Reached skill level 14 in Axes
 13064 | Lair:2   | Noticed Pechyafi's ghost (journeyman DDEE)
 14345 | Lair:4   | Found a viscous altar of Jiyva.
 14346 | Lair:4   | Found a staircase to the Slime Pits.
 15144 | Lair:2   | Killed Pechyafi's ghost
 15492 | Lair:5   | Entered Level 5 of the Lair of Beasts
 16145 | Lair:5   | Reached skill level 15 in Axes
 16227 | Lair:5   | Gained mutation: Your large and strong wings let you fly.
                  | [Gargoyle growth]
 16227 | Lair:5   | Reached XP level 14. HP: 74/92 MP: 14/14
 16379 | Lair:5   | Identified the staff of the End of Times {rC+ rN+ Ice}
 16904 | Lair:5   | Noticed Josephine
 16919 | Lair:5   | Killed Josephine
 17094 | Lair:5   | Identified the +11 war axe "Imuledou" {venom, rCorr Str+4}
 17628 | Orc:2    | Entered Level 2 of the Orcish Mines
 17639 | Orc:2    | Reached **** piety under Trog
 17649 | Orc:2    | Noticed Azrael
 17658 | Orc:2    | Found a staircase to the Elven Halls.
 18222 | Orc:1    | Killed Azrael
 20046 | Orc:2    | Found a transporter.
 20049 | Orc:2    | Found a transporter.
 20569 | Orc:2    | Found Suam's CLEARANCE SALE!.
 20848 | Orc:2    | Found Umuczig's Antique Weapon Boutique.
 20848 | Orc:2    | Found Bapaer's Antique Weapon Emporium.
 20848 | Orc:2    | Found Seohufar's Antique Weapon Shoppe.
 20851 | Orc:2    | Found Juytenni's Distillery.
 20997 | Orc:2    | Noticed Esekla's ghost (journeyman OpDe)
 21000 | Orc:2    | Identified the +6 great mace "Dragonbane" {drain, rElec rF-
                  | Int+4}
 21024 | Orc:2    | Reached skill level 10 in Shields
 21028 | Orc:2    | Reached XP level 15. HP: 100/100 MP: 15/15
 21033 | Orc:2    | Killed Esekla's ghost
 21034 | Orc:2    | Reached skill level 16 in Axes
 21286 | D:12     | Found a frozen archway.
 21294 | D:12     | Noticed Kirke
 21298 | D:12     | Reached ***** piety under Trog
 21306 | D:12     | Noticed a sphinx
 21307 | D:12     | Killed Kirke
 21312 | IceCv    | Entered an ice cave
 21321 | IceCv    | Found a transporter.
 21337 | IceCv    | Found a transporter.
 21786 | D:12     | Received a gift from Trog
 21884 | D:12     | Identified the +7 long sword "Killer Bee's Foe" {holy,
                  | Int+3}
 22235 | D:13     | Identified the ring "Zaogabba" {Will+ Int-4 Dex+9 SInv}
 22500 | D:13     | Found a runed translucent door.
 22506 | D:13     | Found a runed translucent door.
 22506 | D:13     | Noticed a storm dragon
 22506 | D:13     | Found the +5 Storm Queen's Shield {shock, Fly rElec}
 22518 | D:13     | Killed a storm dragon
 22520 | D:13     | Found a runed translucent door.
 22638 | D:13     | Found a runed translucent door.
 22882 | D:13     | Found a gate to the Vaults.
 23066 | D:13     | Identified the ring "Latsat Tots" {rC+ rN+ Dex+3}
 23373 | D:14     | Found a gate leading to a gauntlet.
 23389 | Gauntlet | Entered a Gauntlet
 23389 | Gauntlet | Found a transporter.
 23549 | Gauntlet | Found a transporter.
 23560 | Gauntlet | Found a transporter.
 23593 | Gauntlet | Found a transporter.
 23595 | Gauntlet | Found a transporter.
 23606 | Gauntlet | Found a transporter.
 23619 | Gauntlet | Found a transporter.
 23627 | Gauntlet | Found a transporter.
 23642 | Gauntlet | Found a transporter.
 23664 | Gauntlet | Found a transporter.
 23673 | Gauntlet | Found a transporter.
 23685 | Gauntlet | Found a transporter.
 23697 | Gauntlet | Found a transporter.
 23709 | Gauntlet | Found a transporter.
 23726 | Gauntlet | Found a transporter.
 23791 | Gauntlet | Found a transporter.
 23799 | Gauntlet | Found a transporter.
 23828 | Gauntlet | Identified the ring "Elap" {Int+6 Dex+3}
 24052 | Gauntlet | Identified the +2 leather armour "Qodaguwn" {rF+}
 25070 | Snake:1  | Entered Level 1 of the Snake Pit
 25175 | Snake:1  | Reached XP level 16. HP: 107/107 MP: 16/16
 25284 | Snake:1  | Reached skill level 15 in Fighting
 25361 | Snake:1  | Identified the serpent talisman "Uletagi" {Int+3}
 25361 | Snake:1  | Noticed Aizul
 25376 | Snake:1  | Killed Aizul
 25597 | Snake:1  | Reached skill level 15 in Armour
 26215 | Snake:2  | Noticed Vashnia
 26224 | Snake:2  | Shot with an arrow by Vashnia

Illustrated notes

Levels and vault maps discovered:
D:1:      moated_graveyard_arrival, layout_loops_ring,
          shapermc_ecumenical_altar_venn, minmay_split_cup_large
D:2:      layout_loops_corners, serial_shops, nicolae_shop_tiny_waterfront,
          serial_bayou, serial_bayou_pond_c, serial_bayou_lagoon_a,
          serial_bayou_lake_a, serial_bayou_pond_c, serial_bayou_pond_c
D:3:      layout_loops_ring, regret_index_temple_of_mockery,
          lemuel_doored_altar, lemuel_coloured_pillars_altar
D:4:      layout_loops_ring
D:5:      layout_rooms, serial_shops, shop, shop, nicolae_shop_tiny_waterfront,
          cheibrodos_sewer_entry_sluice, uniq_edmund
D:6:      layout_basic, amcnicky_altar_gilded, hangedman_abyss_or_decor_stagger,
          serial_bayou_pond_d, hangedman_decor_push
D:7:      layout_basic, minmay_temple_entry_arrows, serial_curves,
          eino_curves_02, eino_curves_01, eino_curves_01, eino_curves_01,
          abandoned_shop, corexii_hall_statues_l, serial_bayou_pond_d,
          minmay_guarded_unrand_staff_of_olgreb, uniq_prince_ribbit1
D:8:      layout_gridville, nicolae_uskayaw_suspiria, enter_bailey_3, uniq_erica
D:9:      layout_gridville, nicolae_ru_great_annihilating_truth
D:10:     layout_roguey, lemuel_round_altar, erik_lair_orcish_takeover,
          orc_0_dummy, hangedman_decor_slide_cut, the_hattery
D:11:     layout_roguey, minmay_statues_item, chequers_serial_rivers_small_b
D:12:     layout_loops_ring, portal_ice_cave_entry_imps,
          kennysheep_generic_room_15, uniq_kirke
D:13:     layout_basic, ximxim_vaults_locker_room,
          nicolae_guarded_unrand_storm_shield
D:14:     layout_basic, gauntlet_entry_generic
Temple:   eino_narrow_crystal_temple
Lair:1:   gammafunk_boulding_lane, layout_regular_city
Lair:2:   layout_roguey, alex1729_swamp_entry_worm_eleionoma,
          minmay_snake_entry_guardpost_small, gammafunk_ghost_berserking_beasts,
          serial_bayou_shore_a
Lair:3:   layout_concentric_octagons, grunt_megastairs_4
Lair:4:   layout_roguey, slime_entry_1
Lair:5:   gammafunk_lair_ancient_temple, layout_small_grid, uniq_josephine
Snake:1:  cheibrodos_snake_ritualist_ritual, layout_honeycomb, uniq_aizul
Snake:2:  layout_onion, grunt_megastairs_5, uniq_vashnia, uniq_mlioglotl
Orc:1:    layout_caves, basic_altar, serial_shops
Orc:2:    st_orc_rangers, layout_caves, gammafunk_ghost_smash,
          nicolae_shop_clearance, uniq_azrael

Skill      XL: |  1  2  3  4  5  6  7  8  9 10 11 12 13 14 15 16 |
---------------+-------------------------------------------------+-----
Axes           | 3 4 5 6 7 9 11 12 13 15 16 | 16.7
Armour         | 3 4 5 6 7 9 10 11 12 13 14 15 | 15.1
Fighting       | 4 5 6 8 9 10 11 12 13 14 15 | 15.2
Shields        | 2 5 7 10 12 13 | 13.4
Dodging        | |  1.5

Action                     |  1- 3 |  4- 6 |  7- 9 | 10-12 | 13-15 | 16-18 || total
---------------------------+-------+-------+-------+-------+-------+-------++-------
  Melee: Hand axe          |    70 |    51 |       |       |       |       ||   121
         War axe           |       |   194 |   421 |   667 |   935 |   106 ||  2323
         Punch             |       |     1 |     8 |     5 |       |       ||    14
         Flail             |       |       |       |       |    38 |       ||    38
 Invoke: Berserk           |     1 |     6 |    14 |    26 |    28 |       ||    75
         Trog's Hand       |       |     3 |     7 |    22 |    17 |       ||    49
    Use: Scroll            |     3 |     2 |    10 |     7 |    14 |     1 ||    37
         Potion            |       |       |     6 |     5 |     7 |       ||    18
   Stab: Petrifying        |       |       |       |     2 |     2 |       ||     4
         Paralysed         |       |       |       |     3 |     2 |       ||     5
         Petrified         |       |       |       |     8 |     6 |       ||    14
         Confused          |       |       |       |     2 |     6 |       ||     8
         Distracted        |       |       |       |       |     1 |       ||     1
 Armour: Animal skin       |    33 |       |       |       |       |       ||    33
         Ring mail         |    13 |    88 |       |       |       |       ||   101
         Chain mail        |       |   129 |   492 |   584 |       |       ||  1205
         Plate armour      |       |       |       |    39 |   802 |    56 ||   897
  Dodge: Dodged            |    45 |   130 |   249 |   299 |   212 |    15 ||   950
  Block: Kite shield       |       |       |       |    99 |   769 |   126 ||   994
         Reflection        |       |       |       |       |    89 |    20 ||   109
